 Dungeon Crawl Stone Soup version 0.19.0-19-g8c6edcc (webtiles) character file.

158 Peloso the Skirmisher (level 5, -5/46 HPs)
             Began as a Ghoul Fighter on Nov 15, 2016.
             Killed by divine providence
             ... invoked by an orc priest
              (11 damage)
             ... on level 3 of the Dungeon.
             The game lasted 00:04:57 (1638 turns).

Peloso the Skirmisher (Ghoul Fighter)               Turns: 1638, Time: 00:04:58

Health: -5/46      AC:  9    Str: 20    XL:     5   Next: 39%
Magic:  4/4        EV:  4    Int:  7    God:
Gold:   35         SH:  9    Dex:  9    Spells: 0 memorised, 4 levels left

rFire  . . .     SeeInvis .     a - +0 long sword
rCold  + . .     Gourm    .     r - +0 plate armour
rNeg   + + +     Faith    .     c - +0 shield
rPois  ∞         Spirit   .     (no helmet)
rElec  .         Reflect  .     o - +1 cloak
rCorr  .         Harm     .     (no gloves)
MR     .....                    (no boots)
Stlth  ..........               (no amulet)
                                (no ring)
                                l - +4 ring of intelligence

@: corroded, rotting
A: rotting body, claws 1, carnivore 3, cold resistance 1, negative energy
resistance 3, slow regeneration 1, torment resistance, unbreathing
a: no special abilities


You were on level 3 of the Dungeon.
You were not hungry.

You visited 1 branch of the dungeon, and saw 3 of its levels.

You collected 35 gold pieces.

Inventory:

Hand Weapons
 a - a +0 long sword (weapon)
 q - a cursed +0 spear
Armour
 c - a +0 shield (worn)
 o - a +1 cloak (worn)
 p - a +0 chain mail
 r - a +0 plate armour (worn)
Jewellery
 l - a +4 ring of intelligence (left claw)
Scrolls
 b - a scroll of noise {unknown}
 e - 5 scrolls of identify {unknown}
 h - a scroll of remove curse {unknown}
 n - a scroll of random uselessness {unknown}
 t - a scroll of amnesia {unknown}
Potions
 d - a potion of might
 i - 2 potions of agility {unknown}
 j - a potion of ambrosia {unknown}
 m - a potion of curing {unknown}
 s - a potion of brilliance {unknown}
Comestibles
 f - a meat ration
 g - a royal jelly
 k - a slice of pizza


   Skills:
 + Level 3.9 Fighting
 + Level 3.2 Long Blades
 + Level 3.3 Armour
 + Level 1.1 Dodging
 + Level 3.3 Shields


You had 4 spell levels left.
You didn't know any spells.

Dungeon Overview and Level Annotations

Branches:
Dungeon (3/15)

Altars:

Annotations:
D:3 Morrissey's ghost, amateur MfSk


Innate Abilities, Weirdness & Mutations

Your body is rotting away.
You thrive on raw meat.
You are immune to poison.
You have sharp fingernails.
You are carnivorous and can eat meat at any time.
Your flesh is cold resistant. (rC+)
You are immune to negative energy. (rN+++)
You regenerate slowly when monsters are visible.
You are immune to unholy pain and torment.
You can survive without breathing.


Message History

The orc priest is severely wounded.
The orc priest miscasts a cantrip.
You closely miss the orc priest.
The orc priest is severely wounded.
The orc priest calls down the wrath of Beogh upon you.
You are unaffected.
You hit the orc priest but do no damage.
The orc priest is severely wounded.
The orc priest hits you but does no damage.
The orc zaps a wand.
The bolt of acid hits you!
* * * LOW HITPOINT WARNING * * *
The acid corrodes you!
You are splashed with acid!
The acid burns!
* * * LOW HITPOINT WARNING * * *
It is a wand of acid.
The orc priest hits you but does no damage.
You closely miss the orc priest.
The orc priest is severely wounded.
The orc priest calls down the wrath of Beogh upon you.
Beogh smites you!
You die...

# #. # #.
#.#.####
#o#......#
.....Woo.#
#@.# ##.##
##..########
#.............
#....####.....
#..#.## .....
#..#..###....
#..........#
#..........#


You could see an orc priest, Morrissey's ghost and 2 orcs.

Vanquished Creatures
  An orc priest (D:3)
  Natasha (thrice) (D:2)
  An adder (D:2)
  A worm (D:2)
  A dart slug (D:1)
  3 ball pythons (D:3)
  4 bats
  3 giant cockroaches
  6 goblins
  3 hobgoblins
  4 jackals (D:1)
  2 frilled lizards
  A kobold (D:1)
  10 rats
43 creatures vanquished.

Notes
Turn   | Place    | Note
-------+----------+-------------------------------------------
     0 | D:1      | Peloso the Ghoul Fighter began the quest for the Orb.
     0 | D:1      | Reached XP level 1. HP: 19/19 MP: 0/0
   116 | D:1      | Reached XP level 2. HP: 5/26 MP: 1/1
   133 | D:1      | HP: 1/26 [goblin (2)]
   464 | D:1      | Reached XP level 3. HP: 30/30 MP: 2/2
   898 | D:2      | Noticed Natasha
   903 | D:2      | Killed Natasha
   903 | D:2      | Reached skill level 1 in Dodging
   903 | D:2      | Reached XP level 4. HP: 31/38 MP: 3/3
   996 | D:2      | Noticed Natasha
  1002 | D:2      | Killed Natasha
  1012 | D:2      | Noticed Natasha
  1025 | D:2      | HP: 1/39 [Natasha (2)]
  1026 | D:2      | Killed Natasha
  1026 | D:2      | Reached XP level 5. HP: 1/45 MP: 4/4
  1631 | D:3      | Noticed Morrissey's ghost (amateur MfSk)
  1638 | D:3      | Killed from afar by an orc priest

Skill      XL: |  1  2  3  4 |
---------------+-------------+-----
Long Blades    | 2 3 |  3.2
Armour         | 3 |  3.3
Dodging        | 1 |  1.1
Shields        | 3 |  3.3
Fighting       | |  3.9

Action                   |  1- 3 |  4- 6 || total
-------------------------+-------+-------++-------
Melee: Long sword        |   116 |    83 ||   199
  Eat: Chunk             |     5 |     6 ||    11
Armor: Scale mail        |    69 |    10 ||    79
       Plate armour      |       |    33 ||    33
       Chain mail        |       |    11 ||    11
Dodge: Dodged            |    51 |    15 ||    66
Block: Shield            |    58 |    25 ||    83
       Rpst.: Long sword |    22 |     5 ||    27
